AoeStats
← 裝甲蟑螂

Arabia

509648925Analyzed
1v1 RM · 6d ago on Sep 27, 2026· 36m 47s· 2 players
Game mode
Random Map
Map size
Tiny (2 player)
Population
200
Speed
Normal
Resources
Standard
Victory
Conquest
Starting age
Dark Age
Ending age
Imperial Age
RankedLock teamsTeams togetherTeam positionsShared explorationLock speedFull tech treeHidden civsTurbo modeCheats
Victory
Defeat
🇹🇼 Huns · Taiwan
1092
+18
🇦🇷 Celts · Argentina
1135
-18
裝甲蟑螂
7:02 Loom
9:27 Feudal Age
9:57 Double-Bit Axe
21:39 Castle Age
20:07 Gold Mining
20:22 Fletching
21:25 Padded Archer Armor
22:07 Horse Collar
24:15 Leather Archer Armor
25:22 Bodkin Arrow
27:25 Wheelbarrow
29:04 Bow Saw
31:39 Stone Mining
32:55 Hand Cart
33:08 Ballistics
33:17 Heavy Plow
39:22 Imperial Age
37:38 Gold Shaft Mining
Chorch
7:42 Loom
10:10 Feudal Age
10:14 Man-at-Arms
19:28 Double-Bit Axe
20:01 Horse Collar
25:18 Castle Age
25:04 Scale Barding Armor
25:39 Elite Skirmisher
26:42 Bow Saw
26:56 Chain Barding Armor
27:51 Forging
33:46 Husbandry
Connection lost

Rejoining the realm…

Still unreachable

The connection could not be restored.

Session expired

The server has moved on; the page needs a fresh start.